 Dungeon Crawl Stone Soup version 0.29.1-15-g9cfb28693d (webtiles) character file.

Game seed: 8506148849421837367

324 protoss039 the Digger (level 6, 47/47 HPs)
             Began as a Demonspawn Earth Elementalist on Mar 15, 2023.
             Got out of the dungeon alive.
             The game lasted 00:04:28 (3934 turns).

protoss039 the Digger (DsEE)                        Turns: 3934, Time: 00:04:29

Health: 47/47      AC:  6    Str:  9    XL:     6   Next: 23%
Magic:  10/10      EV: 10    Int: 18    God:
Gold:   113        SH:  3    Dex: 13    Spells: 5/11 levels left

rFire   . . .      SeeInvis .   c - +0 dagger
rCold   . . .      Faith    .   w - +0 buckler
rNeg    . . .      Spirit   .   m - +0 ring mail
rPois   .          Reflect  .   (helmet restricted)
rElec   .          Harm     .   (no cloak)
rCorr   .          Rampage  .   n - +0 pair of gloves
Will    .....                   (no boots)
Stlth   +.........              (no amulet)
HPRegen 0.15/turn               (no ring)
MPRegen 0.24/turn               (no ring)

@: no status effects
A: claws 2, horns 1, magic regeneration
a: no special abilities


You escaped.
You visited 1 branch of the dungeon, and saw 4 of its levels.

You collected 113 gold pieces.

Inventory:

Hand Weapons
 c - a +0 dagger (weapon)
Missiles
 i - a throwing net
Armour
 m - a +0 ring mail (worn)
 n - a +0 pair of gloves (worn)
 u - a +1 helmet
 w - a +0 buckler (worn)
Wands
 p - a wand of paralysis (6)
 s - a wand of roots (7)
Scrolls
 e - 3 scrolls of identify
 f - 2 scrolls of enchant armour
 g - 2 scrolls of vulnerability {unknown}
 h - a scroll of fog {unknown}
 k - 3 scrolls of teleportation {unknown}
 l - a scroll of fear {unknown}
 q - a scroll of blinking {unknown}
 t - a scroll of enchant weapon {unknown}
 v - a scroll of torment {unknown}
Potions
 a - 2 potions of heal wounds
 b - a potion of magic
 d - 5 potions of curing
 j - 2 potions of invisibility {unknown}
 o - a potion of mutation {unknown}
 r - a potion of resistance {unknown}
 x - a potion of degeneration {unknown}


   Skills:
 * Level 3.0 Fighting
 * Level 2.0 Armour
 + Level 2.5 Dodging
 - Level 1.7 Stealth
 * Level 0.5 Shields
 + Level 3.0 Spellcasting
 + Level 1.5 Conjurations
 - Level 0.8 Transmutations
 + Level 3.6 Earth Magic


You had 5 spell levels left.
You knew the following spells:

 Your Spells              Type           Power      Damage    Failure   Level
a - Sandblast             Erth           30%        2d9       14%         1
b - Passwall              Tmut/Erth      8%         N/A       36%         2
c - Stone Arrow           Conj/Erth      22%        3d8       54%         3

Your spell library contained the following spells:

 Spells                   Type           Power      Damage    Failure   Level
 Foxfire                  Conj/Fire      20%        2x1d5     41%         1
 Conjure Flame            Conj/Fire      5%         6-21      78%         3
 Mephitic Cloud           Conj/Pois/Air  4%         N/A       82%         3
 Ignite Poison            Fire/Tmut/Pois 3%         N/A       85%         3
 Gell's Gravitas          Tloc           2%         N/A       87%         3
 Inner Flame              Hex/Fire       2%         N/A       87%         3
 Ozocubu's Armour         Ice            2%         N/A       87%         3
 Portal Projectile        Hex/Tloc       4%         N/A       87%         3
 Teleport Other           Tloc           2%         N/A       87%         3
 Tukima's Dance           Hex            2%         N/A       87%         3
 Petrify                  Tmut/Erth      10%        N/A       94%         4
 Flame Wave               Conj/Fire      5%         2d5       99%         4
 Blade Hands              Tmut           2%         N/A       100%        5
 Freezing Cloud           Conj/Ice/Air   2%         6-21      100%        5
 Dispersal                Tloc           1%         N/A       100%        6
 Ozocubu's Refrigeration  Ice            1%         4d7       100%        7


Dungeon Overview and Level Annotations

Branches:
Dungeon (4/15) Zot: 20011
 Temple: D:4-7

Altars:

Annotations:
D:4 1 runed translucent door, Crazy Yiuf


Innate Abilities, Weirdness & Mutations

You have very sharp fingernails.
You have a pair of small horns on your head.
You regenerate magic rapidly.


Message History

Confirm with . or Enter, or press ? or * to list all spells.
Aiming: Sandblast (safe; 14% risk of failure)
Press: ? - help, Shift-Dir - straight line, f/p - necrophage
Aim: a necrophage (severely damaged, 82% to hit)
The blast of sand hits the necrophage.
The necrophage is almost destroyed.
The necrophage barely misses you.
Unknown command.
Casting: Sandblast (safe; 14% risk of failure)
Confirm with . or Enter, or press ? or * to list all spells.
Aiming: Sandblast (safe; 14% risk of failure)
Press: ? - help, Shift-Dir - straight line, f/p - necrophage
Aim: a necrophage (almost destroyed, 82% to hit)
The blast of sand hits the necrophage.
You destroy the necrophage!
Your life force feels restored.
Your Fighting skill increases to level 3!
Your Armour skill increases to level 2!
You have reached level 6!
Your demonic ancestry asserts itself...
A pair of horns grows on your head!
Your +1 helmet falls away!
Unknown command.
(D) Dungeon
Where to? (Enter - D:4 @ (x,y), ? - help)
What level of the Dungeon? (default 1, ? - help)
There is a stone staircase leading up here.
You climb upwards.
There is a stone staircase leading down here.
You see here a +0 spear.
There is a stone staircase leading up here.
You climb upwards.
There is a stone staircase leading down here.
There is a stone staircase leading up here.
You climb upwards.
There is a stone staircase leading down here.
You see here a +0 dagger.
There is a staircase leading out of the dungeon here.
Are you sure you want to leave the Dungeon?
This will make you lose the game!
You have escaped!

#...........###...###..## #.
.........#.##.#...#.##..# #.
........##.###.....###..# #.
...#...###..##.....##...###
#.
...##.#...............##..#
#.
....)...........#.....#.#.#
#.
........##.....###.....##.#
#.
)..#######....#...#....##.##
## .#.#
##......#.@.#......†.#
.#.####..###.........###...#
.#......#..#..#...#..#..#..#
.#####.....#..#..[#..#.....#
.# ##....#..##.##..#....##
.## #.#.#....#)#....#.#.#
..## #.........#.........###
...#########.#.....#####....#
.................)..###.###.#


There were no monsters in sight!

Vanquished Creatures
  2 necrophages (D:4)
  A howler monkey (D:4)
  A hound (D:4)
  5 adders
  2 worms
  A dart slug (D:3)
  An orc (D:3)
  8 ball pythons
  4 bats
  3 endoplasms
  7 giant cockroaches
  7 goblins
  7 hobgoblins
  2 jackals (D:1)
  3 quokkas
  4 frilled lizards
  7 kobolds
  5 rats (D:1)
70 creatures vanquished.

Notes
Turn   | Place    | Note
-------+----------+-------------------------------------------
     0 | D:1      | protoss039 the Demonspawn Earth Elementalist began the
                  | quest for the Orb.
     0 | D:1      | Reached XP level 1. HP: 13/13 MP: 3/3
    80 | D:1      | Discovered your monstrous ancestry.
    80 | D:1      | Gained mutation: You have sharp fingernails. [demonic
                  | ancestry]
    80 | D:1      | Reached XP level 2. HP: 9/20 MP: 0/5
   407 | D:1      | Reached skill level 1 in Fighting
   976 | D:1      | Gained mutation: You have very sharp fingernails. [demonic
                  | ancestry]
   976 | D:1      | Reached XP level 3. HP: 18/26 MP: 1/6
  1474 | D:1      | Learned a level 2 spell: Passwall
  1478 | D:1      | Learned a level 3 spell: Stone Arrow
  2062 | D:2      | Gained mutation: You regenerate magic rapidly. [demonic
                  | ancestry]
  2062 | D:2      | Reached XP level 4. HP: 32/33 MP: 2/7
  3104 | D:4      | Reached skill level 1 in Armour
  3104 | D:4      | Reached skill level 1 in Conjurations
  3104 | D:4      | Reached XP level 5. HP: 32/39 MP: 6/9
  3413 | D:4      | Found a runed translucent door.
  3414 | D:4      | Noticed Crazy Yiuf
  3833 | D:4      | Gained mutation: You have a pair of small horns on your
                  | head. [demonic ancestry]
  3833 | D:4      | Reached XP level 6. HP: 43/47 MP: 5/10
  3934 | D:$      | Got out of the dungeon alive.

Illustrated notes

Levels and vault maps discovered:
D:1:      erik_arrival_blinker_ship, layout_loops_ring
D:2:      layout_basic, grunt_decor_mini_mirrors, minmay_misc_feat_tiny
D:3:      layout_loops_cross, serial_glass, glass_columns_a, glass_columns_a
D:4:      layout_loops_ring, gammafunk_temple_overflow_wave,
          hangedman_decor_opposing, supply_closet_lemuel,
          uniq_crazy_yiuf_cottage

Skill      XL: |  1  2  3  4  5 |
---------------+----------------+-----
Fighting       | 1 2 3 |  3.0
Earth Magic    | 3 |  3.6
Dodging        | 2 |  2.5
Armour         | 1 2 |  2.0
Conjurations   | 1 |  1.5
Spellcasting   | 3 |  3.0
Stealth        | |  1.7
Shields        | |  0.5
Transmutations | |  0.8

Action                   |  1- 3 |  4- 6 || total
-------------------------+-------+-------++-------
Melee: Dagger            |    56 |    24 ||    80
       Club              |     2 |       ||     2
 Cast: Sandblast         |    49 |    59 ||   108
  Use: Scroll            |       |     3 ||     3
 Stab: Sleeping          |     3 |     1 ||     4
Armor: Robe              |    15 |       ||    15
       Ring mail         |     6 |    27 ||    33
Dodge: Dodged            |    52 |    33 ||    85
Block: Buckler           |       |     3 ||     3
